General information
- name: BNet
- type: Ladder team game (AT/RT)
- host: Battle.net
- saver: bomper
map: LostTemple
- players: 4
- length: 25:04
- speed: Fast
- version: 1.23 W3XP
- replay type: Public
» download(137 KB)
Players
team 1 (loser)
BabyShambles (
blue | 62 APM | 1540 actions | 25:01)
5 Mountain King
3 Storm Bolt
2 Bash
» actions
| Assign group hotkey | 139 | |
| Basic commands | 40 | |
| Build / train | 69 | |
| Enter build submenu | 39 | |
| Enter hero's abilities submenu | 5 | |
| Give item / drop item | 1 | |
| Remove unit from queue | 9 | |
| Right click | 476 | |
| Select / deselect | 515 | |
| Select group hotkey | 175 | |
| Use ability | 72 | |
1540 total
» units
| Peasant | 23 | |
| Footman | 8 | |
| Spell Breaker | 4 | |
| Rifleman | 4 | |
39 total
» upgrades
» buildings
| Altar of Kings | 1 | |
| Barracks | 1 | |
| Farm | 13 | |
| Scout Tower | 8 | |
| Arcane Tower | 1 | |
| Keep | 4 | |
| Lumber Mill | 1 | |
| Arcane Vault | 1 | |
| Town Hall | 3 | |
| Guard Tower | 3 | |
| Arcane Sanctum | 1 | |
| Blacksmith | 1 | |
| Castle | 2 | |
| Gryphon Aviary | 3 | |
43 total
» build order
00:04 Altar of Kings
00:11 Barracks
00:23 Farm
00:55 Farm
01:53 Scout Tower
02:06 Farm
02:21 Arcane Tower
03:54 Keep
04:05 Lumber Mill
04:26 Arcane Vault
04:48 Town Hall
04:53 Scout Tower
04:55 Scout Tower
04:57 Scout Tower
05:12 Farm
05:33 Guard Tower
06:20 Arcane Sanctum
07:11 Scout Tower
07:15 Scout Tower
07:20 Farm
08:26 Guard Tower
08:51 Blacksmith
09:31 Castle
10:17 Farm
11:45 Keep
11:46 Keep
11:59 Town Hall
12:11 Farm
12:15 Farm
12:18 Farm
12:27 Scout Tower
13:03 Guard Tower
14:00 Town Hall
15:27 Keep
17:50 Gryphon Aviary
17:51 Gryphon Aviary
17:53 Gryphon Aviary
18:28 Scout Tower
18:52 Farm
19:17 Farm
19:38 Castle
22:18 Farm
22:20 Farm
» items
| Scroll of Town Portal | 2 | |
| Scroll of Regeneration | 1 | |
3 total
BlimpThePimp (
orange | 53 APM | 1316 actions | 24:55)
4 Death Knight
2 Death Coil
2 Unholy Aura
3 Lich
2 Frost Nova
1 Frost Armor
2 Crypt Lord
1 Impale
1 Spiked Carapace
» actions
| Assign group hotkey | 28 | |
| Basic commands | 164 | |
| Build / train | 74 | |
| Enter build submenu | 22 | |
| Enter hero's abilities submenu | 10 | |
| Right click | 418 | |
| Select / deselect | 155 | |
| Select group hotkey | 361 | |
| Use ability | 84 | |
1316 total
» units
| Acolyte | 11 | |
| Ghoul | 2 | |
| Crypt Fiend | 14 | |
27 total
» upgrades
| Creature Attack | 3 | |
| Creature Carapace | 2 | |
| Web | 1 | |
6 total
» buildings
| Graveyard | 1 | |
| Crypt | 1 | |
| Altar of Darkness | 1 | |
| Ziggurat | 11 | |
| Tomb of Relics | 1 | |
| Nerubian Tower | 1 | |
| Spirit Tower | 5 | |
| Halls of the Dead | 4 | |
| Black Citadel | 1 | |
| Slaughterhouse | 1 | |
| Necropolis | 3 | |
30 total
» build order
00:19 Graveyard
00:23 Crypt
00:40 Altar of Darkness
00:57 Ziggurat
01:31 Tomb of Relics
01:49 Nerubian Tower
02:14 Ziggurat
03:46 Spirit Tower
04:29 Halls of the Dead
04:29 Halls of the Dead
04:29 Halls of the Dead
05:09 Ziggurat
07:32 Black Citadel
09:00 Ziggurat
12:10 Slaughterhouse
13:32 Necropolis
13:58 Ziggurat
14:30 Spirit Tower
14:30 Spirit Tower
14:33 Spirit Tower
14:33 Spirit Tower
18:47 Ziggurat
18:49 Ziggurat
18:52 Ziggurat
19:26 Necropolis
19:31 Necropolis
21:11 Ziggurat
21:17 Ziggurat
21:19 Ziggurat
» items
| Rod of Necromancy | 5 | |
| Potion of Healing | 2 | |
| Scroll of Town Portal | 1 | |
| Boots of Speed | 1 | |
| Scroll of Protection | 1 | |
| Dust of Appearance | 3 | |
| Sacrificial Skull | 2 | |
15 total
team 2 (winner)
bomper (
pink | 92 APM | 2308 actions | 25:04)
3 Archmage
2 Blizzard
1 Brilliance Aura
» actions
| Assign group hotkey | 88 | |
| Basic commands | 8 | |
| Build / train | 80 | |
| ESC pressed | 4 | |
| Enter build submenu | 51 | |
| Enter hero's abilities submenu | 3 | |
| Right click | 1433 | |
| Select / deselect | 342 | |
| Select group hotkey | 181 | |
| Use ability | 118 | |
2308 total
» units
| Peasant | 11 | |
| Mortar Team | 6 | |
| Sorceress | 7 | |
24 total
» upgrades
| Gunpowder | 3 | |
| Sorceress Training | 4 | |
| Flare | 1 | |
| Fragmentation Shards | 1 | |
| Masonry | 2 | |
| Magic Sentry | 1 | |
| Armor | 2 | |
| Swords | 1 | |
| Storm Hammers | 1 | |
16 total
» buildings
| Altar of Kings | 1 | |
| Farm | 11 | |
| Lumber Mill | 1 | |
| Scout Tower | 20 | |
| Guard Tower | 9 | |
| Keep | 3 | |
| Blacksmith | 1 | |
| Arcane Tower | 3 | |
| Workshop | 2 | |
| Arcane Sanctum | 1 | |
| Castle | 2 | |
| Arcane Vault | 1 | |
| Cannon Tower | 6 | |
| Town Hall | 2 | |
| Gryphon Aviary | 3 | |
66 total
» build order
00:06 Altar of Kings
00:23 Farm
00:50 Lumber Mill
01:12 Scout Tower
01:16 Scout Tower
01:25 Farm
01:47 Scout Tower
01:56 Guard Tower
01:57 Guard Tower
02:16 Guard Tower
02:20 Scout Tower
02:21 Scout Tower
02:38 Guard Tower
02:48 Guard Tower
03:18 Guard Tower
03:24 Keep
03:24 Keep
03:52 Blacksmith
04:17 Scout Tower
04:22 Scout Tower
04:27 Farm
04:59 Arcane Tower
05:37 Farm
05:39 Farm
05:51 Workshop
05:54 Workshop
05:57 Arcane Sanctum
06:11 Farm
06:16 Farm
06:58 Castle
06:59 Castle
08:30 Arcane Vault
10:23 Cannon Tower
17:24 Scout Tower
17:24 Scout Tower
17:24 Scout Tower
17:27 Town Hall
17:28 Town Hall
17:29 Scout Tower
17:29 Scout Tower
17:42 Scout Tower
17:46 Scout Tower
17:46 Scout Tower
17:47 Scout Tower
17:48 Scout Tower
17:56 Cannon Tower
17:57 Cannon Tower
17:57 Arcane Tower
17:58 Arcane Tower
18:14 Guard Tower
18:22 Cannon Tower
18:22 Cannon Tower
18:32 Guard Tower
18:48 Guard Tower
20:31 Gryphon Aviary
20:31 Gryphon Aviary
20:32 Gryphon Aviary
21:59 Farm
22:00 Farm
22:00 Farm
22:00 Farm
» items
| Healing Salve | 1 | |
| Potion of Mana | 1 | |
| Scroll of Town Portal | 4 | |
| Scroll of Regeneration | 2 | |
| Staff of Sanctuary | 1 | |
9 total
SHIVERME_TIMBER (
green | 159 APM | 3992 actions | 25:02)
6 Blademaster
3 Wind Walk
2 Critical Strike
1 Bladestorm
» actions
| Assign group hotkey | 1207 | |
| Basic commands | 104 | |
| Build / train | 82 | |
| ESC pressed | 1 | |
| Enter build submenu | 31 | |
| Enter hero's abilities submenu | 7 | |
| Give item / drop item | 10 | |
| Right click | 1839 | |
| Select / deselect | 302 | |
| Select group hotkey | 255 | |
| Use ability | 154 | |
3992 total
» units
| Peon | 13 | |
| Raider | 23 | |
| Troll Batrider | 2 | |
38 total
» upgrades
| Pillage | 1 | |
| Ensnare | 1 | |
| Spiked Barricades | 1 | |
| Armor | 1 | |
| Melee Weapons | 3 | |
| Reinforced Defenses | 1 | |
8 total
» buildings
| Altar of Storms | 1 | |
| Orc Burrow | 5 | |
| Voodoo Lounge | 1 | |
| War Mill | 1 | |
| Watch Tower | 18 | |
| Stronghold | 1 | |
| Beastiary | 2 | |
| Fortress | 1 | |
30 total
» build order
00:07 Altar of Storms
00:18 Orc Burrow
01:04 Voodoo Lounge
01:28 War Mill
02:41 Watch Tower
02:43 Watch Tower
02:46 Watch Tower
03:29 Stronghold
03:48 Watch Tower
03:55 Orc Burrow
04:28 Watch Tower
05:03 Watch Tower
05:52 Beastiary
05:55 Beastiary
06:37 Orc Burrow
08:26 Orc Burrow
10:32 Watch Tower
10:37 Watch Tower
14:07 Watch Tower
14:09 Fortress
16:45 Orc Burrow
19:31 Watch Tower
19:33 Watch Tower
19:35 Watch Tower
20:36 Watch Tower
20:37 Watch Tower
20:38 Watch Tower
21:40 Watch Tower
21:41 Watch Tower
21:42 Watch Tower
» items
| Healing Salve | 7 | |
| Lesser Clarity Potion | 8 | |
| Scroll of Speed | 1 | |
| Boots of Speed | 1 | |
| Circlet of Nobility | 1 | |
| Potion of Mana | 1 | |
| Scroll of Town Portal | 3 | |
| Orb of Lightning | 1 | |
| Tiny Great Hall | 1 | |
| Potion of Healing | 3 | |
27 total
Chat log
(00:39 / All) bomper: hi guys
(00:40 / All) SHIVERME_TIMBER: sup broes!!!
(00:43 / All) BabyShambles: hi
(00:46 / All) BlimpThePimp: yo
(00:47 / All) BabyShambles: welcome to korea
(00:51 / All) SHIVERME_TIMBER: are you frmo korea?
(00:53 / All) bomper: korea cool
(01:00 / All) SHIVERME_TIMBER: I'm moving to korea soon!
(01:01 / All) BabyShambles: ya
(01:04 / All) BabyShambles: where
(01:07 / All) SHIVERME_TIMBER: chungju
(01:11 / All) BabyShambles: seoul
(19:25 / All) SHIVERME_TIMBER: sneaxy
(21:20 / All) SHIVERME_TIMBER: mm goldmines gone
(21:29 / All) SHIVERME_TIMBER: well, I guess not for you guys
(22:32 / All) bomper: have u guys seen borat
(24:42 / All) bomper: do u think the blademaster can kill a bear